Map: Colline di Doraelus

Players

MrWolf

  • Race: Zerg Zerg

unclemanne

  • Race: Terran Terran

Opgeklopter

  • Race: Protoss Protoss

Mørtebianca - Winner!

  • Race: Zerg Zerg
  • League: Diamond

LaWeedaLoca - Winner!

  • Race: Protoss Protoss
  • League: Master

Jhyrachy - Winner!

  • Race: Zerg Zerg
  • League: Silver

VOD

Have the link to the VOD?

Description

Time

  • Played on: Dec. 17, 2015, 6:23 p.m.
  • Length: 9:06
Show
View Real Time Build Order
Export as new Build Order

MrWolf Zerg 

Build Orders: 3 Hatch before Pool, Lurkers 

Get SALT Encoding   

  12  0:01  Drone  
  13  0:09  Drone  
  14  0:34  Hatchery  
  13  0:37  Drone  
  14  0:45  Overlord  
  14  1:03  Drone  
  15  1:17  Drone  
  17  1:18  Drone  
  17  1:25  Drone  
  18  1:27  Hatchery  
  17  1:34  Drone  
  18  1:43  Spawning Pool  
  18  1:44  Drone  
  18  1:47  Drone  
  18  1:51  Drone  
  20  2:00  Extractor  
  20  2:01  Drone x2  
  21  2:02  Extractor  
  20  2:11  Drone  
  20  2:15  Drone  
  22  2:18  Drone  
  23  2:27  Drone  
  24  2:30  Queen  
  24  2:33  Drone  
  27  2:39  Queen  
  27  2:43  Drone  
  30  2:44  Drone  
  30  2:49  Drone x2  
  33  2:57  Drone  
  34  2:59  Overlord  
  34  3:15  Roach Warren  
  34  3:16  Drone  
  34  3:18  Lair  
  34  3:22  Overlord  
  34  3:23  Overlord  
  34  3:36  Drone x8  
  42  3:43  Overlord x2  
  42  3:44  Overlord  
  42  3:52  Evolution Chamber  
  42  3:54  Evolution Chamber  
  40  3:58  Drone x5  
  40  4:02  Extractor  
  44  4:03  Extractor  
  43  4:10  Drone x5  
  48  4:18  Hydralisk Den  
  48  4:20  Drone x4  
  48  4:21  Zerg Missile Weapons Level 1  
  51  4:24  Zerg Ground Armor Level 1  
  51  4:26  Drone  
  51  4:27  Drone  
  51  4:29  Drone  
  54  4:34  Queen  
  54  4:36  Drone x2  
  58  4:45  Drone x7  
  65  4:55  Muscular Augments  
  65  4:56  Glial Reconstitution  
  65  5:06  Spore Crawler  
  65  5:07  Spore Crawler  
  63  5:19  Drone x9  
  72  5:23  Spore Crawler, Extractor x2  
  72  5:24  Spore Crawler  
  72  5:26  Overlord  
  72  5:27  Overlord x5  
  68  5:45  Hydralisk x4  
  76  5:57  Hydralisk x10  
  96  6:13  Lurker Den  
  96  6:18  Zerg Missile Weapons Level 2  
  96  6:19  Zerg Ground Armor Level 2  
  96  6:26  Hydralisk x2  
  96  6:27  Hydralisk  
  96  6:30  Zergling x26  
  115  6:35  Metabolic Boost  
  115  7:03  Hydralisk  
  115  7:04  Hydralisk x6  
  115  7:06  Zergling x2  
  130  7:16  Overlord  
  130  7:17  Overlord x8  
  128  7:37  Hydralisk x4  
  135  7:48  Spore Crawler  
  135  7:50  Spore Crawler  
  133  7:57  Queen  
  133  7:58  Spore Crawler  
  129  8:03  Roach x7  
  129  8:04  Roach x4  
  83  8:21  Hydralisk  
  83  8:22  Hydralisk x2  
  72  8:41  Lurker  
  72  8:42  Lurker x3  
  73  8:51  Drone x9  
Show
View Real Time Build Order
Export as new Build Order

unclemanne Terran 

Build Orders:  

Get SALT Encoding   

  12  0:02  SCV  
  14  0:14  SCV  
  14  0:21  Supply Depot  
  14  0:29  SCV  
  15  0:43  SCV  
  15  0:45  Barracks  
  16  0:57  Barracks  
  16  1:07  SCV  
  16  1:08  Supply Depot  
  17  1:19  SCV  
  17  1:24  Refinery  
  18  1:28  Refinery  
  18  1:36  Marine  
  19  1:54  Marine, SCV  
  21  2:06  SCV  
  22  2:18  SCV  
  22  2:20  Barracks Tech Lab  
  22  2:21  Command Center  
  23  2:25  Barracks Reactor  
  23  2:31  SCV  
  24  2:41  Combat Shields  
  24  2:45  Marauder  
  24  2:48  SCV  
  27  3:00  Factory  
  27  3:04  Marine  
  28  3:06  Marine  
  29  3:18  Marauder  
  31  3:30  Engineering Bay  
  31  3:32  SCV  
  32  3:45  Marine x2, Supply Depot  
  34  3:48  Marine  
  35  3:59  Concussive Shells  
  35  4:00  Supply Depot  
  35  4:03  SCV  
  36  4:13  Starport  
  36  4:19  SCV  
  37  4:28  Supply Depot  
  37  4:31  SCV  
  37  4:34  Supply Depot  
  38  4:42  Marine x3  
  41  4:46  Factory Tech Lab  
  41  4:50  Terran Infantry Weapons Level 1  
  41  4:55  Starport Reactor  
  41  5:10  Marine x3  
  44  5:22  Armory  
  44  5:27  Supply Depot  
  44  5:30  Supply Depot  
  44  5:34  Marine  
  44  5:35  Marine x2  
  46  5:42  Medivac  
  49  5:46  Medivac  
  51  5:50  SCV  
  51  5:52  SCV  
  53  6:05  SCV  
  53  6:07  Marine  
  53  6:08  Marine x2  
  57  6:12  SCV  
  58  6:24  SCV  
  59  6:27  Thor  
  65  6:35  Supply Depot  
  65  6:36  SCV  
  66  6:40  Supply Depot  
  66  6:44  Terran Infantry Armor Level 1  
  53  7:30  Marine x3  
  53  7:47  SCV  
  53  7:48  Marine x3  
  57  7:52  Thor  
  57  7:56  Viking x2  
  67  7:59  SCV  
  68  8:06  Marine x3  
  68  8:11  SCV  
  70  8:23  Marine, SCV  
  70  8:26  Viking  
  74  8:29  Marine  
  74  8:30  Marine  
  76  8:35  SCV  
  77  8:41  Marine  
  77  8:47  Marine  
  77  8:48  Marine  
Show
View Real Time Build Order
Export as new Build Order

Opgeklopter Protoss 

Build Orders: Colossus Rush 

Get SALT Encoding   

  12  0:01  Probe (Chrono Boost)  
  13  0:12  Probe (Chrono Boost)  
  14  0:18  Pylon  
  14  0:22  Probe (Chrono Boost)  
  15  0:37  Probe (Chrono Boost)  
  15  0:38  Gateway  
  16  0:47  Probe (Chrono Boost)  
  17  0:58  Probe (Chrono Boost)  
  17  0:59  Assimilator  
  18  1:08  Probe (Chrono Boost)  
  18  1:19  Probe (Chrono Boost), Pylon  
  18  1:25  Cybernetics Core  
  19  1:29  Assimilator, Probe (Chrono Boost)  
  20  1:40  Probe (Chrono Boost)  
  21  1:50  Probe (Chrono Boost)  
  22  2:01  Probe (Chrono Boost)  
  23  2:03  Nexus  
  23  2:11  Probe (Chrono Boost)  
  23  2:12  Warp Gate (Chrono Boost)  
  24  2:18  Pylon  
  24  2:23  Probe  
  25  2:35  Probe  
  26  2:40  Robotics Facility  
  26  2:47  Probe  
  27  2:52  Forge  
  27  2:59  Probe  
  28  3:07  Assimilator  
  28  3:12  Probe  
  29  3:13  Assimilator, Probe  
  29  3:14  Pylon  
  29  3:16  Protoss Ground Weapons Level 1 (Chrono Boost)  
  30  3:23  Probe  
  31  3:32  Probe  
  32  3:38  Immortal (Chrono Boost)  
  32  3:39  Probe  
  37  3:50  Probe (Chrono Boost)  
  37  3:52  Probe (Chrono Boost)  
  39  4:01  Probe (Chrono Boost)  
  40  4:05  Probe (Chrono Boost)  
  40  4:07  Gateway  
  41  4:12  Probe (Chrono Boost)  
  41  4:16  Observer  
  44  4:17  Probe (Chrono Boost)  
  44  4:19  Robotics Facility  
  44  4:22  Probe (Chrono Boost)  
  45  4:24  Robotics Bay  
  45  4:28  Probe (Chrono Boost)  
  46  4:35  Probe (Chrono Boost)  
  47  4:39  Probe (Chrono Boost)  
  48  4:49  Probe (Chrono Boost)  
  49  4:54  Pylon  
  49  4:57  Probe (Chrono Boost)  
  50  5:03  Immortal (Chrono Boost)  
  50  5:07  Immortal (Chrono Boost)  
  50  5:08  Protoss Shields Level 1 (Chrono Boost)  
  50  5:12  Extended Thermal Lance (Chrono Boost)  
  58  5:19  Photon Cannon  
  58  5:24  Forge  
  58  5:26  Probe, Pylon  
  58  5:27  Probe  
  61  5:42  Probe  
  61  5:43  Probe  
  61  5:44  Colossus  
  61  5:46  Colossus  
  74  5:59  Pylon  
  74  6:10  Gateway  
  74  6:11  Gateway  
  74  6:31  Nexus  
  74  6:37  Pylon  
  74  6:40  Assimilator  
  74  6:43  Assimilator  
  74  6:47  Stalker x2  
  74  6:52  Observer Gravitic Boosters (Chrono Boost)  
  74  6:53  Colossus (Chrono Boost)  
  78  6:56  Immortal (Chrono Boost)  
  88  7:11  Stalker x2  
  88  7:12  Stalker  
  90  7:22  Stalker  
  92  7:36  Immortal (Chrono Boost)  
  93  7:55  Pylon  
  93  7:57  Pylon  
  93  7:58  Twilight Council  
  80  8:16  Stalker x2  
  80  8:17  Stalker x2  
Show
View Real Time Build Order
Export as new Build Order

Mørtebianca Zerg - Winner!

Build Orders: Hatch First 

Get SALT Encoding   

  12  0:01  Drone  
  13  0:08  Drone  
  14  0:20  Overlord  
  14  0:38  Drone x3  
  17  0:57  Drone  
  17  0:58  Hatchery  
  17  1:01  Extractor  
  17  1:02  Drone  
  17  1:12  Drone  
  18  1:19  Spawning Pool  
  18  1:25  Drone  
  18  1:32  Drone  
  19  1:50  Overlord  
  19  2:04  Drone  
  19  2:05  Drone  
  19  2:07  Metabolic Boost  
  19  2:08  Queen  
  21  2:09  Queen  
  21  2:10  Drone  
  21  2:15  Drone  
  27  2:20  Drone  
  28  2:29  Drone  
  29  2:32  Drone  
  30  2:40  Hatchery  
  29  2:45  Queen  
  31  2:52  Drone  
  31  2:53  Drone x2  
  31  2:54  Drone  
  31  2:58  Drone  
  36  3:03  Overlord  
  36  3:08  Overlord  
  36  3:13  Roach Warren  
  36  3:14  Drone  
  36  3:31  Drone x3  
  39  3:35  Extractor, Drone  
  39  3:36  Drone x2  
  39  3:37  Extractor  
  39  3:38  Drone  
  42  3:41  Drone  
  42  3:45  Drone  
  43  3:50  Drone x3  
  43  3:52  Drone  
  47  3:57  Drone x3  
  47  3:58  Drone, Lair  
  47  4:01  Drone  
  52  4:05  Drone  
  52  4:09  Evolution Chamber  
  52  4:11  Extractor, Drone x2, Evolution Chamber  
  52  4:14  Drone  
  53  4:25  Drone  
  53  4:26  Drone x2  
  53  4:27  Drone x2  
  53  4:28  Overlord  
  53  4:29  Overlord  
  58  4:31  Overlord  
  58  4:34  Overlord  
  58  4:37  Zerg Missile Weapons Level 1  
  58  4:41  Zerg Ground Armor Level 1  
  58  4:44  Overlord  
  58  4:53  Overlord x3  
  58  4:55  Glial Reconstitution  
  58  4:57  Roach x2  
  58  4:59  Roach  
  64  5:01  Drone  
  64  5:05  Extractor x2, Drone x3  
  66  5:08  Drone x2  
  66  5:09  Drone  
  66  5:10  Drone  
  66  5:12  Roach  
  74  5:14  Roach  
  74  5:23  Roach x2  
  74  5:24  Roach  
  80  5:35  Roach x3  
  86  5:36  Roach x4  
  86  5:40  Drone x2  
  86  5:42  Roach  
  98  5:43  Ravager x2  
  98  5:44  Ravager  
  98  5:45  Ravager  
  102  5:50  Roach  
  102  5:51  Overlord x2  
  104  5:59  Roach x2  
  104  6:00  Roach x3  
  104  6:02  Roach x2  
  118  6:05  Drone  
  118  6:06  Roach  
  121  6:13  Roach  
  121  6:16  Roach x2  
  127  6:23  Roach  
  127  6:24  Roach x2  
  135  6:25  Ravager x3  
  135  6:26  Ravager  
  135  6:28  Hatchery, Drone  
  137  6:35  Zerg Missile Weapons Level 2  
  137  6:40  Overlord x6  
  137  6:50  Overlord x2  
  137  7:00  Roach x7  
  151  7:02  Roach  
  151  7:03  Roach  
  151  7:07  Overseer  
  155  7:12  Roach x2  
  159  7:29  Roach  
  169  7:30  Roach x7  
  169  7:36  Roach  
  177  7:37  Roach  
  179  7:48  Roach  
  179  7:49  Roach x3  
  187  7:53  Ravager x4  
  187  7:54  Ravager  
  165  8:16  Roach  
  165  8:17  Roach x11  
  179  8:20  Roach  
  181  8:30  Ravager x3  
  181  8:31  Zergling x8  
  171  8:49  Extractor x2  
Show
View Real Time Build Order
Export as new Build Order

LaWeedaLoca Protoss - Winner!

Build Orders:  

Get SALT Encoding   

  12  0:02  Probe (Chrono Boost)  
  13  0:14  Probe (Chrono Boost)  
  14  0:17  Pylon  
  14  0:24  Probe (Chrono Boost)  
  16  0:35  Probe (Chrono Boost)  
  16  0:38  Gateway  
  16  0:46  Probe (Chrono Boost)  
  16  0:47  Assimilator  
  17  0:58  Probe (Chrono Boost)  
  18  1:08  Probe (Chrono Boost)  
  19  1:16  Pylon  
  19  1:19  Probe (Chrono Boost)  
  19  1:25  Cybernetics Core  
  20  1:30  Probe (Chrono Boost)  
  21  1:45  Nexus  
  21  1:48  Probe (Chrono Boost)  
  22  1:55  Assimilator  
  23  2:02  Mothership Core (Chrono Boost)  
  23  2:06  Adept  
  26  2:26  Probe (Chrono Boost)  
  27  2:35  Pylon  
  28  2:37  Probe (Chrono Boost), Robotics Facility  
  28  2:43  Warp Gate  
  28  2:47  Probe (Chrono Boost)  
  28  2:48  Pylon  
  29  2:58  Probe x2 (Chrono Boost)  
  31  3:08  Probe (Chrono Boost)  
  31  3:09  Probe (Chrono Boost)  
  33  3:17  Gateway x2  
  33  3:29  Robotics Bay  
  33  3:37  Robotics Bay  
  33  3:38  Probe (Chrono Boost)  
  34  3:43  Observer  
  34  3:45  Probe (Chrono Boost)  
  36  3:48  Probe (Chrono Boost)  
  36  3:49  Assimilator  
  36  3:52  Assimilator  
  37  3:56  Probe (Chrono Boost)  
  37  3:59  Probe (Chrono Boost)  
  39  4:04  Adept  
  39  4:06  Probe (Chrono Boost), Warp Prism (Chrono Boost)  
  44  4:12  Probe (Chrono Boost)  
  45  4:21  Probe  
  45  4:23  Probe  
  47  4:31  Probe  
  48  4:39  Disruptor (Chrono Boost)  
  48  4:45  Probe  
  52  4:46  Adept x3  
  58  4:53  Probe, Pylon  
  58  4:56  Pylon  
  58  4:57  Probe  
  60  5:02  Gravitic Drive  
  60  5:04  Probe  
  61  5:21  Disruptor (Chrono Boost)  
  64  5:22  Stalker x2  
  64  5:23  Probe, Stalker  
  64  5:25  Probe  
  72  5:33  Forge  
  72  5:34  Probe  
  73  5:47  Probe  
  73  5:48  Probe  
  75  5:53  Gateway  
  75  5:54  Gateway  
  75  5:59  Pylon  
  75  6:14  Probe  
  75  6:15  Probe  
  75  6:18  Protoss Ground Weapons Level 1, Immortal (Chrono Boost)  
  81  6:21  Sentry  
  83  6:27  Probe  
  84  6:55  Probe  
  84  6:57  Probe  
  86  7:14  Pylon  
  86  7:15  Pylon  
  86  7:17  Pylon  
  86  7:19  Pylon  
  83  7:33  Immortal (Chrono Boost)  
  87  7:46  Adept x5  
  97  8:11  Adept x2  
  97  8:12  Adept x3  
  69  8:48  Probe  
  59  8:49  Probe  
  62  9:03  Adept x3  
Show
View Real Time Build Order
Export as new Build Order

Jhyrachy Zerg - Winner!

Build Orders: Hatch First 

Get SALT Encoding   

  12  0:03  Drone  
  13  0:13  Overlord  
  13  0:17  Drone  
  14  0:31  Drone x2  
  16  0:37  Drone  
  17  0:56  Hatchery  
  16  0:58  Drone  
  17  1:27  Extractor  
  17  1:28  Drone x3  
  17  1:31  Spawning Pool  
  18  1:45  Drone  
  19  1:58  Drone  
  20  2:01  Extractor  
  20  2:05  Drone  
  20  2:21  Queen x2  
  24  2:24  Drone x3  
  27  2:34  Drone  
  27  2:35  Overlord x2  
  28  3:00  Drone  
  28  3:01  Drone x3  
  32  3:09  Lair  
  32  3:11  Drone x2  
  34  3:28  Drone  
  34  3:29  Drone x3  
  38  3:42  Extractor  
  37  3:55  Drone x6  
  43  3:59  Extractor  
  42  4:15  Spire  
  41  4:23  Drone  
  41  4:24  Drone x2  
  44  4:26  Overlord x4  
  44  4:53  Drone x4  
  44  4:58  Evolution Chamber  
  48  5:00  Drone x2, Evolution Chamber  
  48  5:06  Overlord x5  
  48  5:31  Mutalisk  
  48  5:32  Mutalisk x6  
  62  5:38  Mutalisk x3  
  68  5:50  Zerg Flyer Weapons Level 1  
  68  6:02  Mutalisk x4  
  76  6:06  Overlord  
  76  6:07  Overlord x2  
  76  6:08  Overlord  
  76  6:23  Zerg Melee Weapons Level 1  
  76  6:24  Zerg Ground Armor Level 1  
  76  8:26  Mutalisk  
  78  8:27  Mutalisk x12  
Tags
 
Add a new tag
Caveats
  • Supply blocks, unpowered buildings, or Contaminate may cause inaccurate times.
  • Supply counts are checked every 10 seconds.